 Dungeon Crawl Stone Soup version 0.19.5 (webtiles) character file.

422 Mesmaeker13 the Conjurer (level 6, -2/32 HPs)
             Began as a Deep Elf Conjurer on Apr 7, 2017.
             Killed from afar by an orc wizard (9 damage)
             ... with a magic dart
             ... on level 5 of the Dungeon.
             The game lasted 00:08:36 (4925 turns).

Mesmaeker13 the Conjurer (Deep Elf Conjurer)        Turns: 4925, Time: 00:08:37

Health: -2/32      AC:  2    Str:  7    XL:     6   Next: 63%
Magic:  1/12       EV: 19    Int: 20    God:
Gold:   230        SH:  0    Dex: 15    Spells: 3 memorised, 5 levels left

rFire  . . .     SeeInvis .     n - +0 short sword
rCold  . . .     Gourm    .     y - +0 robe {MR+}
rNeg   . . .     Faith    .     (no shield)
rPois  .         Spirit   .     (no helmet)
rElec  .         Reflect  .     (no cloak)
rCorr  .         Harm     .     (no gloves)
MR     +....                    (no boots)
Stlth  ++........               (no amulet)
                                (no ring)
                                j - +4 ring of evasion

@: very slightly contaminated
A: no striking features
a: no special abilities


You were on level 5 of the Dungeon.
You were not hungry.

You visited 1 branch of the dungeon, and saw 5 of its levels.

You collected 230 gold pieces.

Inventory:

Hand Weapons
 n - a +0 short sword (weapon)
 w - a cursed -3 hand axe
Armour
 y - a +0 robe of magic resistance (worn)
Jewellery
 a - an uncursed amulet of guardian spirit {unknown}
 j - a +4 ring of evasion (left hand)
 k - a cursed ring of teleportation {unknown}
Scrolls
 e - 3 scrolls of enchant armour
 f - a scroll of remove curse {unknown}
 h - a scroll of teleportation {unknown}
 i - a scroll of recharging {unknown}
 p - a scroll of immolation {unknown}
 q - a scroll of blinking
 r - 2 scrolls of fear {unknown}
 s - a scroll of torment {unknown}
 u - a scroll of fog {unknown}
 v - a scroll of magic mapping {unknown}
 A - a scroll of vulnerability {unknown}
Potions
 d - a potion of brilliance {unknown}
 g - a potion of agility {unknown}
 m - 2 potions of lignification {unknown}
 o - a potion of resistance {unknown}
 z - 3 potions of heal wounds {unknown}
Books
 b - a book of Conjurations

   Spells                             Type                      Level
   a - Magic Dart                     Conjuration                  1
   b - Searing Ray                    Conjuration                  2
   c - Dazzling Spray                 Conjuration/Hexes            3
   d - Fulminant Prism                Conjuration/Hexes            4
   e - Iskenderun's Mystic Blast      Conjuration                  4
   f - Iskenderun's Battlesphere      Conjuration/Charms           5
Comestibles
 c - 4 bread rations
 l - a beef jerky
 t - a meat ration
 x - 3 fruits


   Skills:
 + Level 5.5 Dodging
 - Level 2.4 Stealth
 - Level 3.0 Spellcasting
 + Level 6.5 Conjurations
 + Level 4.1 Hexes


You had 5 spell levels left.
You knew the following spells:

 Your Spells              Type           Power        Failure   Level  Hunger
a - Magic Dart            Conj           ####         1%          1    None
b - Searing Ray           Conj           ####..       1%          2    ##.....
c - Dazzling Spray        Conj/Hex       ###...       6%          3    ###....


Dungeon Overview and Level Annotations

Branches:
Dungeon (5/15)
 Temple: D:4-7

Altars:
Cheibriados
Nemelex Xobeh
The Shining One


Message History

You are very lightly contaminated with residual magic.
As you read the scroll of blinking, it crumbles to dust.
The orc wizard gestures wildly while chanting.
The orc wizard blinks!
The orc wizard gestures wildly while chanting.
The orc wizard blinks!
Casting: Searing Ray
Confirm with . or Enter, or press ? or * to list all spells.
Aiming: Dazzling Spray
Press: ? - help, Shift-Dir - straight line, f - orc wizard
Aim: an orc wizard, wielding a dagger and wearing a robe (fast)
The spray of energy hits the orc wizard.
The orc wizard is moderately wounded.
The orc wizard is dazzled.
The orc wizard misses you. The orc wizard misses you.
There is an open door here.
You open the door.
The orc wizard gestures at you while chanting.
The magic dart hits you!
You die...

#§.≈.≈.≈.≈.≈.≈.≈# #)#
#.≈...§...≈...§.# #.#
#≈.≈.≈.§.≈.≈.≈.≈###'##
#...≈..§≈...§...##...##
#§.≈.≈.§§≈.≈.≈.≈#.....##
#.§...§...§.§.§........##..
##§§§≈.≈.≈.≈§≈§.........#..
###.#....<..§'.........'.
...
#.#.....####@........#..
..# #.####..# ##o......##..
..# #.......# ##.....###.
#.# ######.## ##...##
#.o###.# #.# ##'## #......)
#.# #.# #...... #.# #.# #)#
#.# ##.######## #.# #.#
##.......§.# #.#


You could see an orc wizard (blind).

Vanquished Creatures
  3 ogres (D:5)
  An orc wizard (D:5)
  A howler monkey zombie (D:5)
  6 adders
  A shadow imp (D:5)
  An ooze (D:2)
  A worm (D:4)
  2 dart slugs (D:3)
  3 orcs
  4 bats
  5 giant cockroaches
  4 goblins
  8 hobgoblins
  3 jackals (D:1)
  A quokka (D:3)
  5 frilled lizards
  7 kobolds
  7 rats
63 creatures vanquished.

Notes
Turn   | Place    | Note
-------+----------+-------------------------------------------
     0 | D:1      | Mesmaeker13 the Deep Elf Conjurer began the quest for the Orb.
     0 | D:1      | Reached XP level 1. HP: 10/10 MP: 6/6
   237 | D:1      | Reached XP level 2. HP: 15/15 MP: 6/8
   762 | D:1      | Reached XP level 3. HP: 18/19 MP: 2/9
  1488 | D:2      | Learned a level 2 spell: Searing Ray
  1704 | D:2      | Learned a level 3 spell: Dazzling Spray
  1831 | D:2      | Reached skill level 5 in Conjurations
  1831 | D:2      | Reached skill level 1 in Hexes
  2350 | D:2      | Reached XP level 4. HP: 20/24 MP: 6/10
  2666 | D:3      | Found a glowing golden altar of the Shining One.
  2849 | D:3      | Found a snail-covered altar of Cheibriados.
  2850 | D:3      | Found a sparkling altar of Nemelex Xobeh.
  3746 | D:4      | Noticed a phantom
  3838 | D:5      | Entered Level 5 of the Dungeon
  3903 | D:5      | Noticed a phantom
  4118 | D:5      | Noticed an ogre
  4127 | D:5      | Killed an ogre
  4127 | D:5      | Reached XP level 5. HP: 28/28 MP: 4/11
  4455 | D:5      | Noticed an ogre
  4461 | D:5      | Killed an ogre
  4461 | D:5      | Reached skill level 5 in Dodging
  4461 | D:5      | Reached skill level 6 in Conjurations
  4461 | D:5      | Reached XP level 6. HP: 32/32 MP: 5/12
  4925 | D:5      | Killed from afar by an orc wizard

Skill      XL: |  1  2  3  4  5  6 |
---------------+-------------------+-----
Dodging        | 3 4 5 |  5.5
Conjurations   | 5 6 |  6.5
Hexes          | 1 2 3 4 |  4.1
Stealth        | |  2.4
Spellcasting   | |  3.0

Action                   |  1- 3 |  4- 6 || total
-------------------------+-------+-------++-------
Melee: Short sword       |     1 |     1 ||     2
 Cast: Magic Dart        |    69 |    57 ||   126
       Searing Ray       |       |     6 ||     6
       Dazzling Spray    |       |     2 ||     2
  Use: Scroll            |     1 |     5 ||     6
  Eat: Chunk             |     4 |     4 ||     8
       Bread ration      |       |     1 ||     1
Armor: Robe              |     5 |     1 ||     6
Dodge: Dodged            |    13 |    12 ||    25
